cohdb
Replays
Latest Replays
All Replays
Popular Replays
Top Player Replays
Match Explorer
How It Works
Community
CoH3 Stats
Reddit
Sign in to upload your games and track your stats! →
Sign in with Steam
Match 39965812
Unlisted
Match 39965812
Overview
Messages
Build Orders
End
Scout Squad
Construct Barracks
1⁄4-ton 4x4 Truck
Selects Advanced Infantry Battlegroup
Riflemen Squad
Grenade Package
Riflemen Squad
Construct Medical Station
Construct Medical Station
Infantry Support Center
Selects Convert to Ranger Squad
Engineer Squad
Munitions Surplus
Selects Frontline Medical Station
Frontline Medical Station
Selects Ammunition Storage
.30 cal Machine Gun
Advanced Logistics
M1918 Browning Automatic Rifles
Convert to Ranger Squad
Selects Infantry Assault
Riflemen Squad
Infantry Assault
Survival Training
Convert to Ranger Squad
Selects M2A1 105mm Howitzer Emplacement
Frontline Medical Station
Infantry Assault
Convert to Ranger Squad
Construct Weapon Support Center
Infantry Assault
Frontline Medical Station
Bazooka Squad
Improved M9 Bazooka Rockets
Mistadobalina
BloodSpark
Cons01
Contact Mike
Gernhardt Reinlunzen
WilMax
Artamoule
Peirithoos
0
0
Comments
sign in to comment!
No comments posted yet!